 Dungeon Crawl Stone Soup version 0.21.0 (console) character file.

72786 removed the Spry (level 15, -1/94 HPs)
             Began as a Deep Elf Artificer on Jan 6, 2018.
             Was the Champion of Kikubaaqudgha.
             Killed by divine providence
             ... invoked by an orc priest
              (13 damage)
             ... on level 2 of the Orcish Mines.
             The game lasted 01:27:59 (32323 turns).

removed the Spry (Deep Elf Artificer)              Turns: 32323, Time: 01:28:11

Health: -1/94      AC: 17    Str:  9    XL:     15   Next: 2%
Magic:  21/33      EV: 27    Int: 23    God:    Kikubaaqudgha [******]
Gold:   1751       SH:  7    Dex: 15    Spells: 23/38 levels left

rFire    + . .     SeeInvis .   a - +2 dagger (pain)
rCold    + . .     Gourm    .   e - +2 buckler
rNeg     . . .     Faith    .   q - +2 leather armour {rPois}
rPois    +         Spirit   .   (no helmet)
rElec    +         Reflect  .   G - scarf {rC+ rF+}
rCorr    .         Harm     .   p - +0 pair of gloves
MR       +....                  i - +0 pair of boots
Stlth    ++........             y - amulet of the Air {Inacc +Fly rElec EV+5 RMsl}
HPRegen  0.25/turn              D - +5 ring of protection
MPRegen  0.23/turn              P - +5 ring of protection

@: repel missiles
A: no striking features
a: Receive Corpses, Torment, Brand Weapon With Pain, Receive Necronomicon,
Renounce Religion, Evoke Flight


You were on level 2 of the Orcish Mines.
You worshipped Kikubaaqudgha.
Kikubaaqudgha was exalted by your worship.
You were not hungry.

You visited 3 branches of the dungeon, and saw 20 of its levels.
You also visited: Volcano.

You collected 1751 gold pieces.

Inventory:

Hand Weapons
 a - a +2 dagger of pain (weapon)
 b - the +7 short sword "Belulan" {pierce, rElec rC+ Str+3}
   (You took it off a kobold on level 11 of the Dungeon)

   It inflicts extra damage upon your enemies.
   It affects your strength (+3).
   It protects you from cold.
   It insulates you from electricity.
 g - a +0 blowgun
Missiles
 Q - 3 curare-tipped needles
Armour
 e - a +2 buckler (worn)
 h - a +0 robe of cold resistance
 i - a +0 pair of boots (worn)
 k - a +0 buckler of reflection
 p - a +0 pair of gloves (worn)
 q - a +2 leather armour of poison resistance (worn)
 x - a +3 ring mail of fire resistance
 G - a scarf of resistance (worn)
 I - a +1 leather armour of positive energy
Magical Staves
 d - an uncursed staff of energy
Jewellery
 t - an uncursed ring of stealth
 v - an uncursed ring of see invisible
 y - the amulet of the Air (around neck) {Inacc +Fly rElec EV+5 RMsl}
   (You found it on level 10 of the Dungeon)

   [amulet of inaccuracy]

   It reduces the accuracy of all your attacks.
   It affects your evasion (+5).
   It insulates you from electricity.
   It lets you fly.
   It protects you from missiles.
 D - a +5 ring of protection (left hand)
 P - a +5 ring of protection (right hand)
 Y - an uncursed ring of fire
Wands
 c - a wand of scattershot (6)
 O - a wand of acid (8)
 U - a wand of polymorph (33)
 V - a wand of random effects (65)
Scrolls
 l - 7 scrolls of identify
 n - 4 scrolls of teleportation
 E - a scroll of amnesia
 J - 6 scrolls of remove curse
 L - 4 scrolls of magic mapping
 M - 2 scrolls of enchant armour
 R - 2 scrolls of enchant weapon
 T - a scroll of blinking
Potions
 j - a potion of ambrosia
 m - 4 potions of flight
 o - 3 potions of might
 r - 4 potions of haste
 w - 3 potions of magic
 B - 2 potions of mutation
 C - 10 potions of curing
 F - 4 potions of agility
 N - a potion of resistance
 S - a potion of brilliance
 X - a potion of cancellation
Books
 z - Kikubaaqudgha's Incunabulum of Dark Secrets
   (Kikubaaqudgha gifted it to you on level 4 of the Dungeon)

   Spells                             Type                      Level
   a - Pain                           Necromancy                   1
   b - Corpse Rot                     Necromancy                   2
   c - Sublimation of Blood           Necromancy                   2
   d - Vampiric Draining              Necromancy                   3
 H - a book of Cantrips

   Spells                             Type                      Level
   a - Confusing Touch                Hexes                        1
   b - Animate Skeleton               Necromancy                   1
   c - Summon Small Mammal            Summoning                    1
   d - Apportation                    Translocation                1
 K - Kikubaaqudgha's Handbook of Sinister Arts
   (Kikubaaqudgha gifted it to you on level 8 of the Dungeon)

   Spells                             Type                      Level
   a - Animate Dead                   Necromancy                   4
   b - Excruciating Wounds            Charms/Necromancy            5
   c - Bolt of Draining               Conjuration/Necromancy       5
   d - Dispel Undead                  Necromancy                   5
   e - Death Channel                  Necromancy                   6
 Z - Eqonwer's Grimoire of Orientation
   (You found it on level 5 of the Lair of Beasts)

   Spells                             Type                      Level
   a - Blink                          Translocation                2
   b - Lesser Beckoning               Translocation                3
   c - Passage of Golubria            Translocation                4
   d - Disjunction                    Translocation                8
Miscellaneous
 s - a phial of floods
 u - a sack of spiders
 W - a lightning rod (4/4)
Comestibles
 f - 39 rations
 A - 2 chunks of flesh


   Skills:
 + Level 11.1 Fighting
 - Level 10.0 Short Blades
 - Level 15.1 Dodging
 - Level 1.2 Stealth
 - Level 5.1 Shields
 - Level 12.0 Spellcasting
 - Level 15.0 Necromancy
 - Level 3.2 Evocations


You had 23 spell levels left.
You knew the following spells:

 Your Spells              Type           Power        Failure   Level  Hunger
a - Vampiric Draining     Necr           ######....   1%          3    None
d - Animate Dead          Necr           N/A          1%          4    None
l - Blink                 Tloc           N/A          10%         2    None
u - Dispel Undead         Necr           ######..     1%          5    ####...
A - Apportation           Tloc           ##....       6%          1    None


Dungeon Overview and Level Annotations

Branches:
Dungeon (12/15)            Temple (0/1) D:7            Lair (6/6) D:11
 Shoals (0/4) Lair:2        Snake (0/4) Lair:3        Slime (0/5) Lair:6
    Orc (2/2) D:10            Elf (0/3) Orc:2

Altars:
Ashenzari
Cheibriados
Elyvilon
Fedhas
Gozag
Hepliaklqana
Kikubaaqudgha
Makhleb
Ru
Sif Muna
Uskayaw
Vehumet
Wu Jian
Xom
The Shining One
Jiyva

Shops:
D:7 [   D:9 %%(   D:12 *

Annotations:
D:11 1 runed door
Lair:6 1 runed door


Message History

The orc warrior is severely wounded.
You feel life coursing into your body.
The orc warrior hits you with a battleaxe!
The orc priest mumbles some strange prayers to Beogh against you.
Beogh smites you!
* * * LOW HITPOINT WARNING * * *
Casting: Vampiric Draining
Confirm with . or Enter, or press ? or * to list all spells.
Aiming: Vampiric Draining
Press: ? - help, Shift-Dir - straight line, f/p - orc warrior
Aim: an orc warrior, wielding a battleaxe and wearing a chain mail (severely wounded)
You kill the orc warrior!
Kikubaaqudgha accepts your kill.
You feel life coursing into your body.
The orc warrior hits you from afar with a glaive of holy wrath!
* * * LOW HITPOINT WARNING * * *
The orc priest invokes the aid of Beogh against you.
Beogh smites you!
You die...
Kikubaaqudgha rasps: "You have failed me!
Welcome... death!"

##.##...# ##....o....#
#...#..## #...#o..#...
##.....# ##...........
#<...######....#...#...
###.###.#.##...o.........
#....#....##....#o..#....#
.....##.#.##...o.........#
..#...#...##..†)#...#....#
..........###.))@.......#
..........# #..)#...#...#
#.#....#.## ##.........#
##........# #..#...#..#
##........# ##.).....##
..........#######)..###
##........#....#.)...#
.#.......###).##....##
.#..........)##)....#


You could see 2 orc warriors and 2 orc priests.

Vanquished Creatures
  Frances (D:12)
  Kirke (D:12)
  An orc warlord (Orc:1)
  A red draconian (Volcano)
  7 hydras
  2 catoblepae
  Erica (D:8)
  4 two-headed ogres
  A centaur warrior (Volcano)
  4 death yaks
  An orc high priest (Orc:2)
  A swamp dragon (Lair:5)
  A wizard (D:10)
  4 orc knights (Orc:2)
  A necromancer (D:9)
  An orc sorcerer (Orc:2)
  An ugly thing (D:11)
  A cyclops (D:11)
  A manticore (D:12)
  2 merfolk sirens (Lair:2)
  9 elephants
  A black mamba (Lair:4)
  A gargoyle (D:12)
  5 large abominations (D:10)
  A yaktaur (Volcano)
  11 spiny frogs
  3 komodo dragons
  2 rime drakes
  2 kobold demonologists (D:11)
  2 merfolk (Lair:2)
  5 polar bears
  2 trolls
  4 dream sheep (Lair:4)
  5 hornets
  25 blink frogs
  5 hippogriffs
  A vampire (D:12)
  A water elemental (D:12)
  13 spriggans
  9 wyverns
  2 wraiths
  28 yaks
  A basilisk (Lair:1)
  A hog (D:12)
  2 hungry ghosts
  5 nagas
  A steam dragon (Lair:4)
  3 wargs
  An acid dragon (D:11)
  4 porcupines
  11 water moccasins
  28 orc warriors
  6 ice beasts
  A necrophage (D:5)
  A black bear (Lair:6)
  An eye of draining (D:12)
  3 sky beasts
  4 boggarts (Lair:6)
  16 ogres
  4 phantoms
  9 worker ants
  55 wolves
  13 centaurs
  15 crocodiles
  3 big kobolds (D:11)
  10 bullfrogs
  A wyvern zombie (D:9)
  7 small abominations (D:10)
  5 scorpions
  5 killer bees (D:9)
  17 wights
  3 howler monkeys
  An electric eel (D:12)
  6 crimson imps
  A jelly (D:7)
  3 bullfrog zombies
  5 hounds
  A quasit (D:9)
  2 bullfrog skeletons (D:10)
  26 orc priests
  19 orc wizards
  A centaur skeleton (D:3)
  5 iguanas
  Natasha (D:4)
  3 polar bear simulacra (D:9)
  2 yak simulacra (D:9)
  2 killer bee zombies
  3 wolf simulacra (D:9)
  2 hound skeletons
  3 worker ant zombies
  11 adders
  A howler monkey skeleton (D:6)
  A shadow imp (D:6)
  An ooze (D:4)
  An adder skeleton (D:5)
  2 worms
  3 dart slugs (D:1)
  4 leopard geckos
  82 orcs
  3 ball pythons
  5 giant cockroaches
  4 goblins
  10 hobgoblins
  3 jackals (D:6)
  14 kobolds
  4 quokkas
  13 bats
  4 frilled lizards
  2 leopard gecko skeletons
  2 quokka zombies
  6 rats
  3 river rat simulacra (D:9)
675 creatures vanquished.

Vanquished Creatures (collateral kills)
  A hydra (Lair:6)
  A hornet (Lair:6)
  2 spriggans (Lair:6)
  2 wolves (Lair:6)
  A scorpion (D:4)
  Natasha (twice) (D:4)
  A worker ant (D:4)
  An adder (D:4)
  A worm (D:4)
  A giant cockroach (D:4)
  A goblin (D:3)
  A hobgoblin (D:3)
  A frilled lizard (D:4)
  A rat (D:2)
17 creatures vanquished.

Vanquished Creatures (others)
  A water elemental (D:12)
  16 fungi
  10 plants
27 creatures vanquished.

Grand Total: 719 creatures vanquished

Notes
Turn   | Place    | Note
-------+----------+-------------------------------------------
     0 | D:1      | removed the Deep Elf Artificer began the quest for the Orb.
     0 | D:1      | Reached XP level 1. HP: 11/11 MP: 5/5
   486 | D:1      | Reached XP level 2. HP: 11/16 MP: 6/6
  1114 | D:1      | Reached skill level 1 in Fighting
  1722 | D:2      | Reached XP level 3. HP: 21/21 MP: 7/7
  1830 | D:2      | Noticed a bullfrog
  1928 | D:2      | Killed a bullfrog
  1928 | D:2      | Reached XP level 4. HP: 20/28 MP: 8/8
  2156 | D:2      | Found a deep blue altar of Sif Muna.
  2960 | D:3      | Found an ancient bone altar of Kikubaaqudgha.
  2960 | D:3      | Found an opulent altar of Gozag.
  2980 | D:3      | Became a worshipper of Kikubaaqudgha
  2986 | D:3      | Reached XP level 5. HP: 12/32 MP: 9/9
  4942 | D:4      | Noticed Natasha
  4949 | D:4      | Reached * piety under Kikubaaqudgha
  4949 | D:4      | Identified Kikubaaqudgha's Incunabulum of Dark Secrets (Kikubaaqudgha gifted it to you on level 4 of the Dungeon)
  4949 | D:4      | Received a gift from Kikubaaqudgha
  4954 | D:4      | Killed Natasha
  4954 | D:4      | Reached XP level 6. HP: 34/37 MP: 10/10
  4959 | D:4      | Learned a level 3 spell: Vampiric Draining
  4971 | D:4      | Noticed Natasha
  4981 | D:4      | Killed Natasha
  5019 | D:4      | Noticed Natasha
  5031 | D:4      | Killed Natasha
  5432 | D:4      | Reached XP level 7. HP: 15/41 MP: 1/11
  5728 | D:5      | Entered Level 5 of the Dungeon
  5915 | D:5      | Reached skill level 1 in Spellcasting
  6472 | D:5      | Noticed a wyvern
  6480 | D:5      | Killed a wyvern
  6771 | D:5      | Found a blossoming altar of Fedhas.
  7613 | D:6      | Reached ** piety under Kikubaaqudgha
  8006 | D:6      | Reached skill level 5 in Necromancy
  8293 | D:6      | HP: 1/41 [shadow imp/nerve-wracking pain (12)]
  8776 | D:6      | Reached XP level 8. HP: 35/46 MP: 12/16
  8900 | D:6      | Reached skill level 5 in Short Blades
  9475 | D:7      | Found a shattered altar of Ashenzari.
 10192 | D:7      | You fall through a shaft for 3 floors!
 10192 | D:10     | Entered Level 10 of the Dungeon
 10242 | D:10     | Noticed a two-headed ogre
 10267 | D:9      | Found Evitros's Antique Weapon Shop.
 10414 | D:9      | Reached XP level 9. HP: 47/51 MP: 17/17
 10905 | D:7      | Found Veocosil's Antique Armour Emporium.
 11070 | D:7      | Found a shimmering altar of Xom.
 11071 | D:7      | Found a burning altar of Makhleb.
 11078 | D:7      | Paralysed by a crimson imp for 2 turns
 11098 | D:7      | Reached skill level 5 in Spellcasting
 11196 | D:7      | Found a staircase to the Ecumenical Temple.
 11418 | D:8      | Reached skill level 5 in Dodging
 11907 | D:8      | Found a hazy altar of Hepliaklqana.
 11913 | D:8      | Reached *** piety under Kikubaaqudgha
 11913 | D:8      | Identified Kikubaaqudgha's Handbook of Sinister Arts (Kikubaaqudgha gifted it to you on level 8 of the Dungeon)
 11913 | D:8      | Received a gift from Kikubaaqudgha
 11921 | D:8      | Learned a level 5 spell: Dispel Undead
 11921 | D:8      | Found a radiant altar of Vehumet.
 11921 | D:8      | Found a sacrificial altar of Ru.
 11925 | D:8      | Found a snail-covered altar of Cheibriados.
 11925 | D:8      | Found a deep blue altar of Sif Muna.
 11927 | D:8      | Found a glowing golden altar of the Shining One.
 11927 | D:8      | Found an ornate altar of the Wu Jian Council.
 11927 | D:8      | Noticed Erica
 12535 | D:8      | Found a hide-covered altar of Uskayaw.
 12878 | D:9      | Reached skill level 5 in Fighting
 13109 | D:9      | Reached skill level 10 in Necromancy
 13519 | D:9      | Reached XP level 10. HP: 47/59 MP: 15/19
 13576 | D:9      | Learned a level 4 spell: Animate Dead
 13713 | D:9      | Found Beag's Food Boutique.
 13789 | D:9      | Noticed a two-headed ogre
 13812 | D:9      | Killed a two-headed ogre
 13830 | D:9      | Found Moalleug's Food Emporium.
 13939 | D:9      | Noticed a necromancer
 14004 | D:9      | Killed a necromancer
 14386 | D:9      | Reached **** piety under Kikubaaqudgha
 14630 | D:10     | Killed a two-headed ogre
 15113 | D:10     | Noticed a large abomination
 15116 | D:10     | Killed a large abomination
 15217 | D:10     | Noticed a wizard
 15228 | D:10     | Killed a wizard
 15228 | D:10     | Reached XP level 11. HP: 65/65 MP: 26/26
 15324 | D:10     | Noticed a large abomination
 15327 | D:10     | Killed a large abomination
 15375 | D:10     | Found a staircase to the Orcish Mines.
 15592 | D:10     | Found the amulet of the Air {Inacc +Fly rElec EV+5 RMsl}
 15916 | D:11     | Got a warped short sword {pierce}
 16051 | D:11     | Found a runed door.
 16051 | D:11     | Found a white marble altar of Elyvilon.
 16051 | D:11     | Noticed an angel
 16240 | D:11     | Reached ***** piety under Kikubaaqudgha
 16299 | D:11     | Noticed a two-headed ogre
 16327 | D:11     | Killed a two-headed ogre
 16528 | D:11     | Found a staircase to the Lair.
 16643 | D:11     | Reached skill level 10 in Short Blades
 16816 | D:11     | Reached skill level 10 in Dodging
 16829 | D:11     | Got a steaming trident {vamp}
 17051 | D:11     | Noticed a green ugly thing
 17069 | D:11     | Killed a green ugly thing
 17101 | D:11     | Identified the +7 short sword "Belulan" {pierce, rElec rC+ Str+3} (You took it off a kobold on level 11 of the Dungeon)
 17109 | D:11     | Learned a level 1 spell: Apportation
 17138 | Lair:1   | Entered Level 1 of the Lair of Beasts
 17332 | Lair:1   | Reached XP level 12. HP: 52/72 MP: 20/27
 17375 | Lair:1   | Noticed an eight-headed hydra
 17472 | Lair:1   | Killed an eight-headed hydra
 17630 | Lair:1   | Found a dark tunnel.
 17635 | Volcano  | Entered a volcano
 17746 | Volcano  | Noticed a centaur warrior
 17863 | Volcano  | Killed a centaur warrior
 18075 | Volcano  | Noticed a red draconian
 18102 | Volcano  | Killed a red draconian
 18678 | Lair:2   | Found a staircase to the Shoals.
 18700 | Lair:2   | Reached skill level 10 in Spellcasting
 20205 | Lair:3   | Found a staircase to the Snake Pit.
 20593 | Lair:3   | Reached ****** piety under Kikubaaqudgha
 20767 | Lair:3   | Reached XP level 13. HP: 48/80 MP: 29/29
 22753 | Lair:5   | Found a shimmering altar of Xom.
 23217 | Lair:5   | Identified Eqonwer's Grimoire of Orientation
 23246 | Lair:5   | Learned a level 2 spell: Blink
 23435 | Lair:5   | Noticed Nessos
 23838 | Lair:5   | Noticed Nessos
 23838 | Lair:5   | Nessos changed into Nessos the swamp dragon
 23857 | Lair:5   | Killed Nessos the swamp dragon
 24689 | Lair:6   | Entered Level 6 of the Lair of Beasts
 24959 | Lair:6   | Reached skill level 10 in Fighting
 25608 | Lair:6   | Reached XP level 14. HP: 38/88 MP: 25/32
 26203 | Lair:6   | Reached skill level 1 in Shields
 27158 | Lair:6   | Reached skill level 5 in Shields
 27320 | Lair:6   | Found a runed door.
 27320 | Lair:6   | Found a viscous altar of Jiyva.
 27320 | Lair:6   | Found a staircase to the Slime Pits.
 27873 | Lair:6   | Got a scorched bardiche
 28472 | D:8      | Killed Erica
 28770 | D:12     | Found Huameb's General Store.
 28886 | D:12     | Reached skill level 15 in Necromancy
 29226 | D:12     | Noticed Frances
 29502 | D:12     | Killed Frances
 30199 | D:12     | Noticed Kirke
 30228 | D:12     | Killed Kirke
 30228 | D:12     | Reached skill level 15 in Dodging
 30430 | Orc:1    | Entered Level 1 of the Orcish Mines
 30566 | Orc:2    | Entered Level 2 of the Orcish Mines
 30803 | Orc:2    | Noticed an orc warlord
 30956 | Orc:1    | Killed an orc warlord
 32117 | Orc:2    | Reached XP level 15. HP: 64/94 MP: 29/33
 32180 | Orc:2    | Found a staircase to the Elven Halls.
 32323 | Orc:2    | Killed from afar by an orc priest

Skill      XL: |  1  2  3  4  5  6  7  8  9 10 11 12 13 14 |
---------------+-------------------------------------------+-----
Dodging        | 3 4 6 9 11 12 13 15 | 15.1
Fighting       | 1 3 5 6 7 9 10 11 | 11.1
Short Blades   | 3 4 7 10 | 10.0
Necromancy     | 4 6 8 10 11 13 14 15 | 15.0
Spellcasting   | 4 5 9 10 12 | 12.0
Shields        | 5 |  5.1
Stealth        | |  1.2
Evocations     | |  3.2

Action                   |  1- 3 |  4- 6 |  7- 9 | 10-12 | 13-15 || total
-------------------------+-------+-------+-------+-------+-------++-------
Melee: Short sword       |    98 |    70 |       |       |    29 ||   197
       Dagger            |       |   156 |   518 |   900 |  1760 ||  3334
       Rapier            |       |       |    13 |    50 |       ||    63
       Unarmed           |       |       |     3 |       |       ||     3
 Fire: Blowgun           |       |       |       |       |     3 ||     3
 Cast: Vampiric Draining |       |     2 |    28 |    62 |   115 ||   207
       Dispel Undead     |       |       |     5 |    46 |     7 ||    58
Evoke: Wand              |    11 |    25 |    37 |    20 |    16 ||   109
       Sack of spiders   |       |       |       |     1 |     3 ||     4
       Lightning rod     |       |       |       |       |     8 ||     8
       Phial of floods   |       |       |       |       |     1 ||     1
  Use: Scroll            |       |    11 |     9 |     8 |     5 ||    33
       Potion            |       |       |     2 |     2 |     1 ||     5
 Stab: Sleeping          |     5 |     6 |    12 |     8 |     2 ||    33
       Distracted        |       |     1 |     2 |     3 |     2 ||     8
       Paralysed         |       |       |    11 |     3 |       ||    14
       Confused          |       |       |     1 |       |       ||     1
       Petrified         |       |       |       |       |     5 ||     5
  Eat: Chunk             |     3 |     7 |    23 |    31 |    39 ||   103
       Ration            |       |     1 |     2 |     1 |       ||     4
Armor: Robe              |    17 |       |       |       |       ||    17
       Leather armour    |     2 |    41 |    88 |    87 |   171 ||   389
       Skin              |       |       |     1 |    45 |       ||    46
Dodge: Dodged            |    77 |   148 |   272 |   620 |  1189 ||  2306
       Deflected         |       |       |       |     3 |    14 ||    17
Block: Buckler           |       |       |       |       |   274 ||   274
